AoeStats
← UWU

Arena

505414066Analyzed
4v4 RM · 21d ago on Sep 9, 2026· 40m 3s· 8 players
Game mode
Random Map
Map size
Large (8 player)
Population
200
Speed
Normal
Resources
Standard
Victory
Conquest
Starting age
Dark Age
Ending age
Imperial Age
RankedLock teamsTeams togetherTeam positionsShared explorationLock speedFull tech treeHidden civsTurbo modeCheats
Victory
Defeat
🇺🇸 Khmer · United States
839
+17
🇨🇿 Turks · Czechia
829
+18
🇨🇳 Huns · China
826
+18
🇬🇧 Slavs · United Kingdom
825
+18
🇨🇳 Franks · China
982
-23
🇮🇳 Khmer · India
869
-18
🇨🇳 Jurchens · China
809
-15
🇨🇳 Huns · China
796
-29
gazza17
9:53 Feudal Age
15:57 Castle Age
14:12 Double-Bit Axe
15:59 Scale Mail Armor
15:54 Horse Collar
18:13 Forging
19:00 Man-at-Arms
19:57 Long Swordsman
25:13 Bow Saw
25:54 Squires
26:08 Stone Mining
26:27 Loom
27:19 Wheelbarrow
29:27 Iron Casting
29:08 Chain Mail Armor
31:13 Fletching
33:33 Bodkin Arrow
34:22 Gold Mining
35:33 Ballistics
37:48 Imperial Age
35:59 Hand Cart
UWU
5:44 Loom
9:35 Feudal Age
10:16 Double-Bit Axe
17:19 Town Watch
21:16 Castle Age
20:03 Man-at-Arms
22:38 Long Swordsman
40:11 Imperial Age
38:20 Wheelbarrow
38:49 Ballistics
38:45 Bow Saw
38:16 Horse Collar
38:34 Gold Mining
39:50 Hand Cart
40:40 Heavy Plow
An
11:57 Feudal Age
16:14 Castle Age
14:49 Double-Bit Axe
19:42 Stone Mining
24:12 Horse Collar
25:51 Gold Mining
30:30 Imperial Age
28:36 Bow Saw
29:13 Gold Shaft Mining
28:53 Heavy Plow
29:04 Forging
29:00 Scale Barding Armor
31:00 Marauders
31:53 Wheelbarrow
31:36 Husbandry
31:46 Bloodlines
33:06 Iron Casting
32:52 Chain Barding Armor
33:16 Elite Tarkan
38:34 Hand Cart
rampagingcarrot
9:33 Feudal Age
13:07 Castle Age
12:07 Loom
12:31 Double-Bit Axe
14:14 Bow Saw
18:52 Horse Collar
20:08 Heavy Plow
21:50 Gold Mining
22:44 Stone Mining
23:30 Gold Shaft Mining
24:22 Stone Shaft Mining
26:41 Forging
26:36 Scale Barding Armor
26:48 Pikeman
30:38 Imperial Age
31:31 Iron Casting
30:57 Scale Mail Armor
34:21 Blast Furnace
33:37 Chain Mail Armor
36:38 Halberdier
40:27 Fortified Wall
41:19 Chemistry
40:39 Ballistics
40:25 Siege Engineers
40:31 Masonry
Malai-Chaap
0:48 Loom
11:44 Feudal Age
12:15 Double-Bit Axe
12:13 Horse Collar
15:01 Gold Mining
15:02 Stone Mining
21:34 Castle Age
30:35 Imperial Age
35:48 Wheelbarrow
35:43 Town Watch
37:44 Hand Cart
37:29 Town Patrol
Keeper
4:07 Loom
10:35 Feudal Age
15:47 Castle Age
13:49 Double-Bit Axe
15:27 Town Watch
21:07 Bow Saw
22:56 Wheelbarrow
27:02 Gold Mining
27:03 Stone Mining
32:13 Gold Shaft Mining
32:03 Husbandry
32:11 Scale Barding Armor
32:16 Forging
35:05 Imperial Age
32:52 Hand Cart
32:37 Town Patrol
34:29 Chain Barding Armor
34:45 Iron Casting
35:58 Cavalier
codyjen
0:26 Loom
12:37 Feudal Age
18:19 Castle Age
17:34 Double-Bit Axe
17:30 Horse Collar
17:46 Gold Mining
17:46 Stone Mining
22:30 Wheelbarrow
24:41 Bow Saw
25:53 Heavy Plow
27:34 Treadmill Crane
28:18 Hand Cart
30:02 Gold Shaft Mining
30:14 Stone Shaft Mining
35:38 Imperial Age
32:54 Town Watch
35:38 Ballistics
37:56 Two-Man Saw
37:29 Crop Rotation
38:04 Chemistry
37:28 Conscription
36:32 Elite Iron Pagoda
37:26 Thunderclap Bombs
37:19 Fortified Bastions
38:16 Bloodlines
38:06 Husbandry
39:36 Arson
39:51 Squires
40:07 Masonry
40:04 Scale Barding Armor
40:09 Forging
39:50 Fletching
40:00 Padded Archer Armor
￰￰
12:41 Feudal Age
15:58 Wheelbarrow
18:20 Padded Archer Armor
18:11 Fletching
18:40 Forging
18:38 Scale Barding Armor
22:22 Castle Age
24:06 Iron Casting
23:36 Bodkin Arrow
25:53 Thumb Ring
30:20 Leather Archer Armor
30:38 Chain Barding Armor
36:38 Imperial Age
38:21 Heavy Cavalry Archer
39:27 Parthian Tactics
Connection lost

Rejoining the realm…

Still unreachable

The connection could not be restored.

Session expired

The server has moved on; the page needs a fresh start.